 Dungeon Crawl Stone Soup version 0.29.0-13-gc9e81de378 (webtiles) character file.

Game seed: 4073490199141881434

67554 christhawk the Skirmisher (level 14, -5/100 (109) HPs)
             Began as a Demonspawn Monk on Aug 25, 2022.
             Was the Champion of Qazlal.
             Slain by a +0 scimitar of holy wrath (10 damage)
             ... on level 1 of the Elven Halls on Sept 9, 2022.
             The game lasted 01:36:55 (17082 turns).

christhawk the Skirmisher (Demonspawn Monk)        Turns: 17082, Time: 01:36:56

HP:   -5/100 (109)  AC: 40    Str: 12    XL:     14   Next: 83%
MP:   0/17          EV: 14    Int: 18    God:    Qazlal [******]
Gold: 825           SH: 15    Dex: 17    Spells: 15/15 levels left

rFire   + + +      SeeInvis +   b - +3 Elemental Staff {rElec rF++ rC++ AC+5}
rCold   + + .      Faith    .   Q - +1 buckler {AC+3}
rNeg    . . .      Spirit   +   A - +1 swamp dragon scales
rPois   +          Reflect  .   r - +2 hat {Stlth+}
rElec   +          Harm     .   v - +1 cloak
rCorr   +          Rampage  .   D - +1 pair of gloves of the Big Bang {rPois rF+ rCorr Str-5 Slay+6}
Will    +....                   (no boots)
Stlth   +.........              d - amulet of regeneration
HPRegen 1.06/turn               w - +4 ring of protection
MPRegen 0.30/turn               k - +6 ring of strength

@: protected from physical damage, sanguine armoured, drained, repel missiles
A: hooves 2, demonic guardian 1, magic shield, magic regeneration, magic link,
sanguine armour 2, see invisible, clever 1, electricity resistance, no potion
heal 2
a: Renounce Religion, Upheaval, Elemental Force, Disaster Area


You were on level 1 of the Elven Halls.
You worshipped Qazlal.
Qazlal was exalted by your worship.
You visited 5 branches of the dungeon, and saw 20 of its levels.
You visited 1 bazaar.

You collected 1872 gold pieces.
You spent 1047 gold pieces at shops.

Inventory:

Hand Weapons
 a - a +4 sling of flaming
 b - the +3 Elemental Staff (weapon) {rElec rF++ rC++ AC+5}
   (You took it off a deep elf pyromancer on level 8 of the Dungeon)

   If the wielder is skilled in Evocations, they can discharge powerful blasts
   of elemental energy when striking with it.
   It enhances your fire, ice, earth and air magic.
   AC:        It affects your AC (+5).
   rF:        It greatly protects you from fire.
   rC:        It greatly protects you from cold.
   rElec:     It insulates you from electricity.
 g - a +3 scimitar of freezing
 h - a +2 scimitar of flaming
Armour
 j - +0 steam dragon scales
 r - a +2 hat of stealth (worn)
 v - a +1 cloak (worn)
 A - +1 swamp dragon scales (worn)
 D - the +1 pair of gloves of the Big Bang (worn) {rPois rF+ rCorr Str-5 Slay+6}
   (You acquired it on level 10 of the Dungeon)

   Str:       It affects your strength (-5).
   Slay:      It affects your accuracy & damage with ranged weapons and melee
   (+6).
   rF:        It protects you from fire.
   rPois:     It protects you from poison.
   rCorr:     It protects you from acid and corrosion.
 E - +0 acid dragon scales
 Q - a +1 buckler of protection (worn)
Jewellery
 d - an amulet of regeneration (around neck)
 k - a +6 ring of strength (right hand)
 s - a ring of see invisible
 t - a ring of flight
 w - a +4 ring of protection (left hand)
 y - a ring of poison resistance
 P - a ring of ice
Wands
 f - a wand of polymorph (4)
 m - a wand of roots (19)
 G - a wand of paralysis (8)
 I - a wand of mindburst (9)
 J - a wand of light (5)
Scrolls
 n - 2 scrolls of magic mapping
 o - 5 scrolls of amnesia
 p - 10 scrolls of teleportation
 C - a scroll of poison
 F - 4 scrolls of identify
 H - 2 scrolls of blinking
 M - a scroll of fear
Potions
 c - 2 potions of ambrosia
 e - 2 potions of brilliance
 i - 11 potions of curing
 l - 2 potions of haste
 q - a potion of berserk rage
 u - a potion of flight
 x - 2 potions of cancellation
 z - a potion of invisibility
 B - 4 potions of might
 L - 2 potions of heal wounds
Miscellaneous
 N - a phantom mirror
 O - a piece from Xom's chessboard (15/15)


   Skills:
 + Level 9.8 Fighting
 + Level 5.3(6.1) Short Blades
 + Level 4.5(5.7) Long Blades
 + Level 3.3(7.5) Maces & Flails
 * Level 10.6(10.9) Staves
 + Level 11.2 Ranged Weapons
 + Level 6.3 Armour
 + Level 8.1 Dodging
 + Level 2.7 Stealth
 + Level 7.1 Shields
 + Level 1.0 Spellcasting
 + Level 4.4 Invocations
 * Level 10.1 Evocations


You had 15 spell levels left.
You didn't know any spells.
Your spell library contained the following spells:

 Spells                   Type           Power      Damage    Failure   Level
 Apportation              Tloc           0%         N/A       45%         1
 Freeze                   Ice            4%         1d3       45%         1
 Magic Dart               Conj           0%         1d3       45%         1
 Sandblast                Erth           2%         2d4       45%         1
 Passwall                 Tmut/Erth      0%         N/A       61%         2
 Searing Ray              Conj           0%         2d4       61%         2
 Confusing Touch          Hex            0%         N/A       83%         3
 Conjure Flame            Conj/Fire      1%         6-21      83%         3
 Frozen Ramparts          Ice            2%         1d1       83%         3
 Ignite Poison            Fire/Tmut/Pois 1%         N/A       83%         3
 Portal Projectile        Hex/Tloc       0%         N/A       83%         3
 Stone Arrow              Conj/Erth      2%         3d7       83%         3
 Tukima's Dance           Hex            0%         N/A       83%         3
 Corpse Rot               Necr/Pois/Air  1%         N/A       99%         4
 Dispel Undead            Necr           0%         3d6       99%         4
 Fulminant Prism          Conj/Hex       0%         3d6       99%         4
 Hailstorm                Conj/Ice       1%         3d3       99%         4
 Sticky Flame             Conj/Fire      1%         2d3       99%         4
 Alistair's Intoxication  Tmut/Pois      0%         N/A       100%        5
 Blade Hands              Tmut           0%         N/A       100%        5
 Yara's Violent Unravell  Hex/Tmut       0%         3d3       100%        5
 Death Channel            Necr           0%         N/A       100%        6
 Enfeeble                 Hex            0%         N/A       100%        7


Dungeon Overview and Level Annotations

Branches:
Dungeon (12/15)            Temple (0/1) D:5            Lair (4/5) D:11
 Shoals (0/4) Lair:2        Snake (0/4) Lair:2        Slime (1/5) Lair:4
    Orc (2/2) D:10            Elf (1/3) Orc:2

Altars:
Ashenzari
Kikubaaqudgha
Makhleb
Nemelex Xobeh
Qazlal
Xom
Yredelemnul

Shops:
D:4 =   D:11 !   Orc:1 [[   Orc:2 :*[(

Portals:
Desolation: Elf:1

Annotations:
D:6 2 transporters, LustLizard's ghost, novice TrFi
D:9 1 runed translucent door


Innate Abilities, Weirdness & Mutations

You have hoof-like feet.
A weak demonic guardian rushes to your aid.
When hurt, damage is shared between your health and your magic reserves.
You regenerate magic rapidly.
When low on magic, you restore magic in place of health.
When seriously injured, your blood forms thick armour. (AC +9)
You have supernaturally acute eyesight. (SInv)
Your mind is acute. (Int +4, Str/Dex -1)
You are resistant to electric shocks. (rElec)
Potions cannot restore your health.


Message History

You freeze the +0 scimitar of holy wrath.
The +0 scimitar of holy wrath is almost destroyed.
You hear a shout!
The +0 scimitar of holy wrath hits you!
You convulse.
You hear a shout!
You swap places.
The +0 scimitar of holy wrath hits your quasit!!
Your quasit dies!
Your quasit disappears in a puff of smoke!
The deep elf death mage points at you and mumbles some strange words.
The bolt of negative energy hits the +0 scimitar of holy wrath.
The +0 scimitar of holy wrath completely resists.
The bolt of negative energy hits you!!!
You feel drained.
* * * LOW HITPOINT WARNING * * *
Things that are here:
a +0 dire flail; a +0 arbalest; a +0 plate armour The +0 scimitar of holy wrath attacks as you move away!
You block the +0 scimitar of holy wrath's attack.
The deep elf zephyrmancer casts a spell.
The deep elf zephyrmancer blinks!
A deep elf zephyrmancer comes into view.
It is wielding a +0 long sword.
The deep elf knight mumbles some strange words.
The deep elf knight flickers and vanishes for a moment.
You hear a shout!
You block the +0 scimitar of holy wrath's attack.
The deep elf death mage casts a spell at you.
The bolt of negative energy hits the air elemental.
The air elemental completely resists.
The bolt of negative energy hits the +4 short sword of speed.
The +4 short sword of speed completely resists.
The bolt of negative energy hits the +0 scimitar of holy wrath.
The +0 scimitar of holy wrath completely resists.
The bolt of negative energy hits you!
You feel drained.
* * * LOW HITPOINT WARNING * * *
The +0 scimitar of holy wrath hits you!
* * * LOW HITPOINT WARNING * * *
A demonic guardian appears!
You feel more protected from physical attacks.
You convulse!
You die...

## # #.## ...## ##...## .
......#############.....#.^
...oeeE)E((@5.).......>....
....eE############.......#
..e## #.......# # ##.....##
##.#...## ##.##..##
##.##.### ##.##.# ##.##.#


You could see a deep elf death mage, 2 deep elf knights, an earth elemental, a
water elemental, an air elemental, 2 dancing weapons and a friendly quasit
(summoned).

Vanquished Creatures
  2 orc warlords
  A great orb of eyes (Lair:4)
  Fannar (Lair:3)
  Harold (Lair:1)
  2 peacekeepers (Elf:1)
  3 hydras
  2 boulder beetles (D:8)
  5 two-headed ogres
  6 dancing weapons (Elf:1)
  6 orc high priests
  Sonja (Lair:2)
  Nergalle (D:11)
  2 deep elf knights (Elf:1)
  Amaemon (Lair:1)
  An orb spider (D:11)
  A lindwurm (D:8)
  2 deep elf archers (Elf:1)
  5 deep elf pyromancers
  A wolf spider zombie (D:12)
  Pikel (D:8)
  2 deep elf zephyrmancers (Elf:1)
  2 ugly things (D:12)
  3 orc knights
  5 orc sorcerers
  7 elephants
  4 cyclopes
  A centaur zombie (D:12)
  4 black mambas
  A torpor snail (Lair:3)
  2 gargoyles (D:8)
  8 cane toads
  An orange demon (Lair:1)
  A kobold demonologist (D:11)
  Maggie (D:9)
  9 komodo dragons
  3 rime drakes
  An efreet (D:8)
  3 polar bears (Lair:2)
  3 trolls
  2 hornets
  Prince Ribbit (D:9)
  3 slime creatures (Lair:4)
  7 blink frogs
  4 centaur simulacra (D:12)
  A shadow (D:9)
  2 vampires
  An air elemental (Elf:1)
  3 wraiths
  21 yaks
  7 basilisks
  4 wyverns
  2 fire elementals
  5 steam dragons
  3 vampire mosquitoes (D:12)
  3 redbacks (D:8)
  A warg (Orc:2)
  9 water moccasins
  2 acid dragons
  38 orc warriors
  4 ogres
  An ice beast (D:8)
  3 black bears
  A sky beast (D:7)
  8 centaurs
  3 lemures (D:8)
  A phantom (D:7)
  3 kobold brigands
  Blork the orc (D:6)
  A necrophage (D:4)
  An earth elemental (Elf:1)
  9 bullfrogs
  7 scorpions
  4 wights (D:6)
  16 killer bees
  3 howler monkeys (D:9)
  An electric eel (Lair:2)
  2 lava snakes (D:8)
  A crimson imp (D:8)
  A hound (D:5)
  2 jellies
  26 orc priests
  A gnoll bouda (Lair:4)
  Jessica (D:2)
  Ijyb (D:3)
  An iguana (D:4)
  36 orc wizards
  5 hell rats (Lair:4)
  A boggart simulacrum (D:12)
  6 gnolls
  9 adders
  2 white imps
  2 ufetubi
  A worm (D:2)
  4 dart slugs
  99 orcs
  10 ball pythons
  7 endoplasms
  7 giant cockroaches
  5 goblins
  9 hobgoblins
  2 jackals (D:2)
  6 quokkas
  5 bats
  2 frilled lizards
  17 kobolds
  2 kobold zombies (D:9)
  9 rats
  2 butterflies (Lair:1)
576 creatures vanquished.

Vanquished Creatures (collateral kills)
  A death yak (D:12)
  A tengu warrior (D:12)
  An orc knight (Orc:2)
  An ugly thing (D:12)
  A centaur simulacrum (D:12)
  A vampire mosquito (D:12)
  An orc warrior (Orc:2)
  A bullfrog (Lair:1)
  2 orcs (Orc:2)
  3 kobolds
13 creatures vanquished.

Vanquished Creatures (others)
  A deep elf pyromancer (Elf:1)
  An air elemental (Elf:1)
  An orc warrior (Orc:1)
  An orc wizard (Orc:2)
  2 orcs (Orc:1)
  6 fungi
  16 plants
28 creatures vanquished.

Grand Total: 617 creatures vanquished

Notes
Turn   | Place    | Note
-------+----------+-------------------------------------------
     0 | D:1      | christhawk the Demonspawn Monk began the quest for the Orb.
     0 | D:1      | Reached XP level 1. HP: 18/18 MP: 1/1
   152 | D:1      | Gained mutation: Your flesh is heat resistant. (rF+)
                  | [potion of mutation]
   152 | D:1      | Gained mutation: Your spells are a little easier to cast,
                  | but a little less powerful. [potion of mutation]
   231 | D:1      | Gained mutation: You regenerate magic rapidly. [demonic
                  | ancestry]
   231 | D:1      | Reached XP level 2. HP: 24/24 MP: 2/2
   889 | D:2      | Gained mutation: When hurt, damage is shared between your
                  | health and your magic reserves. [demonic ancestry]
   889 | D:2      | Reached XP level 3. HP: 29/29 MP: 3/3
   910 | D:2      | Reached skill level 1 in Ranged Weapons
  1243 | D:2      | Reached skill level 1 in Armour
  1288 | D:2      | Noticed Jessica
  1298 | D:2      | Killed Jessica
  1299 | D:2      | Reached skill level 1 in Spellcasting
  1299 | D:2      | Reached XP level 4. HP: 17/35 MP: 2/5
  1912 | D:3      | Found a faded altar of an unknown god.
  1921 | D:3      | Prayed at the altar of an unknown god.
  1921 | D:3      | Became a worshipper of Qazlal Stormbringer
  1921 | D:3      | Reached * piety under Qazlal
  1921 | D:3      | Reached ** piety under Qazlal
  2002 | D:3      | Lost mutation: Your flesh is heat resistant. (rF+) [potion
                  | of mutation]
  2002 | D:3      | Lost mutation: Your spells are a little easier to cast, but
                  | a little less powerful. [potion of mutation]
  2002 | D:3      | Gained mutation: You occasionally shout uncontrollably at
                  | your foes. [potion of mutation]
  2048 | D:3      | Noticed Ijyb
  2062 | D:3      | Killed Ijyb
  2063 | D:3      | Reached skill level 2 in Ranged Weapons
  2125 | D:3      | Reached XP level 5. HP: 37/41 MP: 4/6
  2166 | D:3      | Reached *** piety under Qazlal
  2263 | D:3      | Found a broken altar of Ashenzari.
  2623 | D:3      | Lost mutation: You occasionally shout uncontrollably at
                  | your foes. [potion of mutation]
  2623 | D:3      | Gained mutation: You sometimes lose your temper in combat.
                  | [potion of mutation]
  2623 | D:3      | Gained mutation: You are weak. (Str -2) [potion of
                  | mutation]
  2623 | D:3      | Gained mutation: Your flesh is heat resistant. (rF+)
                  | [potion of mutation]
  2623 | D:3      | Gained mutation: You have a pair of small horns on your
                  | head. [potion of mutation]
  2707 | D:4      | Reached skill level 3 in Ranged Weapons
  2754 | D:4      | Reached skill level 1 in Short Blades
  2754 | D:4      | Reached skill level 1 in Invocations
  2754 | D:4      | Gained mutation: You have large cloven feet. [demonic
                  | ancestry]
  2754 | D:4      | Reached XP level 6. HP: 23/48 MP: 7/7
  3486 | D:4      | Gained mutation: When seriously injured, your blood forms
                  | armour. (AC +9) [demonic ancestry]
  3486 | D:4      | Reached XP level 7. HP: 48/54 MP: 8/8
  3606 | D:4      | Found Hubeg's Jewellery Shop.
  3696 | D:4      | Bought a ring of see invisible for 210 gold pieces
  3847 | D:5      | Entered Level 5 of the Dungeon
  4148 | D:5      | Found a stormy altar of Qazlal.
  4268 | D:5      | Reached **** piety under Qazlal
  4322 | D:5      | Reached skill level 4 in Ranged Weapons
  4526 | D:5      | Found a staircase to the Ecumenical Temple.
  4785 | D:6      | Reached XP level 8. HP: 53/60 MP: 7/10
  4831 | D:6      | Reached skill level 1 in Evocations
  4849 | D:6      | Reached skill level 5 in Ranged Weapons
  4890 | D:6      | Reached skill level 1 in Shields
  4927 | D:6      | Found a transporter.
  4994 | D:6      | Noticed Blork the orc
  5000 | D:6      | Killed Blork the orc
  5001 | D:6      | Reached skill level 1 in Long Blades
  5069 | D:6      | Found a transporter.
  5072 | D:6      | Noticed LustLizard's ghost (novice TrFi)
  5184 | D:6      | Reached skill level 5 in Fighting
  5669 | D:7      | Gained mutation: A weak demonic guardian rushes to your
                  | aid. [demonic ancestry]
  5669 | D:7      | Reached XP level 9. HP: 67/68 MP: 11/11
  6083 | D:7      | Reached skill level 6 in Ranged Weapons
  6222 | D:7      | Found a sparkling altar of Nemelex Xobeh.
  6458 | D:8      | Reached ***** piety under Qazlal
  6467 | D:8      | Noticed a gargoyle
  6468 | D:8      | Noticed a gargoyle
  6472 | D:8      | Killed a gargoyle
  6478 | D:8      | Killed a gargoyle
  6489 | D:8      | Noticed a deep elf pyromancer
  6510 | D:8      | Killed a deep elf pyromancer
  6511 | D:8      | Reached skill level 5 in Short Blades
  6559 | D:8      | Noticed an efreet
  6560 | D:8      | Noticed a rime drake
  6572 | D:8      | Killed an efreet
  6573 | D:8      | Gained mutation: When seriously injured, your blood forms
                  | thick armour. (AC +9) [demonic ancestry]
  6573 | D:8      | Reached XP level 10. HP: 57/76 MP: 8/12
  6729 | D:8      | Reached skill level 1 in Staves
  6835 | D:8      | Found a runed translucent door.
  6844 | D:8      | Noticed Pikel
  6876 | D:8      | Killed Pikel
  7030 | D:8      | Reached skill level 7 in Ranged Weapons
  7176 | D:8      | Found a shimmering altar of Xom.
  7202 | D:8      | Found a burning altar of Makhleb.
  7300 | D:8      | Reached skill level 5 in Evocations
  7484 | D:8      | Found a runed translucent gate.
  7485 | D:8      | Noticed a boulder beetle
  7493 | D:8      | Found a runed translucent gate.
  7500 | D:8      | Found a runed translucent gate.
  7500 | D:8      | Found a runed translucent gate.
  7500 | D:8      | Found a runed translucent gate.
  7501 | D:8      | Identified the +4 whip of Kiudoann {vorpal, Fragile Will+
                  | Int+5 SInv}
  7501 | D:8      | Noticed a lindwurm
  7501 | D:8      | Noticed a boulder beetle
  7502 | D:8      | Found a runed translucent gate.
  7534 | D:8      | Killed a boulder beetle
  7542 | D:8      | Killed a boulder beetle
  7585 | D:8      | Killed a lindwurm
  7586 | D:8      | Reached skill level 5 in Dodging
  7586 | D:8      | Gained mutation: You have hoof-like feet. [demonic
                  | ancestry]
  7586 | D:8      | Reached XP level 11. HP: 83/83 MP: 10/13
  7859 | D:9      | Found an ancient bone altar of Kikubaaqudgha.
  7885 | D:9      | Identified the +1 whip "Killer Bee's Bane" {speed, Dex+4}
  8026 | D:9      | Noticed Prince Ribbit
  8035 | D:9      | Killed Prince Ribbit
  8209 | D:9      | Noticed Maggie
  8212 | D:9      | Found a runed translucent door.
  8223 | D:9      | Killed Maggie
  8238 | D:9      | Found a basalt altar of Yredelemnul.
  8294 | D:9      | Noticed a two-headed ogre
  8312 | D:9      | Killed a two-headed ogre
  8313 | D:9      | Reached skill level 8 in Ranged Weapons
  8437 | D:10     | Entered Level 10 of the Dungeon
  8603 | D:10     | Reached skill level 5 in Staves
  8645 | D:10     | Found a staircase to the Orcish Mines.
  8954 | D:10     | Identified a scroll of acquirement
  8955 | D:10     | Acquired the +1 pair of gloves of the Big Bang {rPois rF+
                  | rCorr Str-5 Slay+6}
  9220 | D:11     | Found Dagruotz's Distillery.
  9233 | D:11     | Bought a potion of curing for 45 gold pieces
  9233 | D:11     | Bought 2 potions of curing for 90 gold pieces
  9233 | D:11     | Bought a potion of might for 60 gold pieces
  9233 | D:11     | Bought a potion of mutation for 120 gold pieces
  9233 | D:11     | Bought a potion of might for 60 gold pieces
  9233 | D:11     | Lost mutation: You sometimes lose your temper in combat.
                  | [potion of mutation]
  9233 | D:11     | Lost mutation: You are weak. (Str -2) [potion of mutation]
  9233 | D:11     | Lost mutation: Your flesh is heat resistant. (rF+) [potion
                  | of mutation]
  9233 | D:11     | Gained mutation: Potions are less effective at restoring
                  | your health. [potion of mutation]
  9233 | D:11     | Gained mutation: Your flesh is heat resistant. (rF+)
                  | [potion of mutation]
  9518 | D:11     | Noticed a two-headed ogre
  9522 | D:11     | Killed a two-headed ogre
  9555 | D:11     | Noticed Nergalle
  9564 | D:11     | Killed Nergalle
  9681 | D:11     | Gained mutation: When low on magic, you restore magic in
                  | place of health. [demonic ancestry]
  9681 | D:11     | Reached XP level 12. HP: 80/91 MP: 11/14
  9760 | D:11     | Noticed a two-headed ogre
  9766 | D:11     | a two-headed ogre changed into an orb spider
  9781 | D:11     | Found a staircase to the Lair.
 10072 | D:12     | Noticed a death yak
 10077 | D:12     | Reached skill level 9 in Ranged Weapons
 10085 | D:12     | Noticed a tengu warrior
 10086 | D:12     | Killed a death yak
 10087 | D:12     | Reached skill level 5 in Armour
 10104 | D:12     | Killed a tengu warrior
 10142 | D:12     | Found a flickering gateway to a bazaar.
 10150 | Bazaar   | Entered a bazaar
 10150 | Bazaar   | Found Lujevake's Book Shop.
 10157 | Bazaar   | Found Bievow's Magic Scroll Shoppe.
 10162 | Bazaar   | Found Wuaproq's Jewellery Shop.
 10170 | Bazaar   | Found Sih Jeg's Book Boutique.
 10214 | Bazaar   | Found Pelef's General Store.
 10219 | Bazaar   | Bought a scroll of identify for 18 gold pieces
 10219 | Bazaar   | Bought a wand of paralysis (8) for 172 gold pieces
 10236 | Bazaar   | Bought a scroll of blinking for 75 gold pieces
 10236 | Bazaar   | Bought a scroll of identify for 20 gold pieces
 10236 | Bazaar   | Bought a scroll of identify for 20 gold pieces
 10463 | D:12     | Noticed a two-headed ogre
 10472 | D:12     | Noticed a two-headed ogre
 10473 | D:12     | Killed a two-headed ogre
 10480 | D:12     | Killed a two-headed ogre
 10485 | D:12     | Reached ****** piety under Qazlal
 10501 | D:12     | Noticed a two-headed ogre
 10508 | D:12     | Killed a two-headed ogre
 10546 | D:12     | Found a basalt altar of Yredelemnul.
 11060 | Lair:1   | Entered Level 1 of the Lair of Beasts
 11076 | Lair:1   | Noticed an eight-headed hydra
 11094 | Lair:1   | Reached skill level 5 in Shields
 11096 | Lair:1   | Killed an eight-headed hydra
 11099 | Lair:1   | Reached XP level 13. HP: 42/98 MP: 11/16
 11115 | Lair:1   | Noticed Amaemon
 11129 | Lair:1   | Killed Amaemon
 11217 | Lair:1   | Noticed Harold
 11227 | Lair:1   | Killed Harold
 11945 | Lair:2   | Found a staircase to the Snake Pit.
 12133 | Lair:2   | Found a staircase to the Shoals.
 12236 | Lair:2   | Noticed Sonja
 12242 | Lair:2   | Killed Sonja
 12489 | Lair:2   | Lost mutation: You have a pair of small horns on your head.
                  | [potion of mutation]
 12489 | Lair:2   | Lost mutation: Your flesh is heat resistant. (rF+) [potion
                  | of mutation]
 12489 | Lair:2   | Gained mutation: Potions cannot restore your health.
                  | [potion of mutation]
 12489 | Lair:2   | Gained mutation: You have supernaturally acute eyesight.
                  | (SInv) [potion of mutation]
 12489 | Lair:2   | Gained mutation: You are resistant to electric shocks.
                  | (rElec) [potion of mutation]
 12489 | Lair:2   | Gained mutation: Your mind is acute. (Int +4, Str/Dex -1)
                  | [potion of mutation]
 12642 | Lair:3   | Reached skill level 10 in Ranged Weapons
 12862 | Lair:3   | Noticed Fannar
 12882 | Lair:3   | Killed Fannar
 13739 | Lair:4   | Found a staircase to the Slime Pits.
 14545 | Slime:1  | Entered Level 1 of the Pits of Slime
 14853 | Orc:1    | Entered Level 1 of the Orcish Mines
 14972 | Orc:2    | Entered Level 2 of the Orcish Mines
 15002 | Orc:1    | Reached XP level 14. HP: 70/106 MP: 12/17
 15492 | Orc:1    | Found Qaczoyrr's Antique Armour Emporium.
 15493 | Orc:1    | Found Vekou's Antique Armour Shop.
 15505 | Orc:1    | Bought a runed buckler for 157 gold pieces
 15547 | Orc:2    | Found a staircase to the Elven Halls.
 15737 | Orc:2    | Noticed an orc warlord
 15751 | Orc:2    | Noticed an orc warlord
 15830 | Orc:1    | Killed an orc warlord
 15920 | Orc:2    | Reached skill level 10 in Staves
 16146 | Orc:2    | Killed an orc warlord
 16445 | Orc:2    | Found Rosch's General Store.
 16446 | Orc:2    | Found Gof Ceruit's Book Shop.
 16448 | Orc:2    | Found Kopsel's Antique Armour Shop.
 16448 | Orc:2    | Found Jeufrit's Antique Weapon Boutique.
 16586 | Orc:2    | Upgraded the game from 0.29.0-3-gbb0933ed62 to
                  | 0.29.0-13-gc9e81de378
 16627 | Elf:1    | Entered Level 1 of the Elven Halls
 16663 | Elf:1    | Paralysed by an orc sorcerer for 5 turns
 16673 | Elf:1    | Reached skill level 11 in Ranged Weapons
 16879 | Elf:1    | Found a crumbling gateway.
 16995 | Elf:1    | Reached skill level 10 in Evocations
 17066 | Elf:1    | Paralysed by an air elemental for 1 turns
 17082 | Elf:1    | HP: 5/100 [+0 scimitar of holy wrath (6)]
 17082 | Elf:1    | Slain by a +0 scimitar of holy wrath

Illustrated notes

Levels and vault maps discovered:
D:1:      nicolae_arrival_somewhat_less_tricky_arrival, layout_rooms,
          minmay_misc_feat_iff, chequers_serial_rivers_room_b,
          lemuel_another_geyser
D:2:      layout_basic, minmay_pentomino_v4, uniq_jessica
D:3:      layout_loops_ring, ashenzari_altar_1, nicolae_ecumenical_pavilion,
          uniq_ijyb
D:4:      layout_basic, serial_shops, nicolae_inconvenience_store,
          wad_rectangle_vault
D:5:      layout_loops_ring, nicolae_qazlal_general_emergency,
          minmay_temple_entry_proselytizer, serial_rivers,
          chequers_serial_rivers_small_b, chequers_serial_rivers_micro_b,
          chequers_serial_rivers_room_a, chequers_serial_rivers_micro_c,
          chequers_serial_rivers_marsh, minmay_misc_feat_more_columns
D:6:      layout_loops_ring, gammafunk_ghost_stat_death, moated_statue,
          serial_bayou_crossing, uniq_blork_the_orc
D:7:      layout_gridville, nemelex_dance_club_becter
D:8:      gammafunk_indiana_jones, layout_rooms, mainiacjoe_overflow_catwalk,
          grunt_temple_overflow_champion_of_chaos,
          dilly_guarded_unrand_elemental_staff, uniq_pikel
D:9:      layout_long_grid, kiku_gazebo_pond_becter, dk_yredelemnul_ordeal,
          kennysheep_generic_room_6, uniq_prince_ribbit1, uniq_maggie
D:10:     layout_cave_pools, david_orc_2
D:11:     layout_loops_ring, erik_lair_dragon, serial_shops, shop, uniq_nergalle
D:12:     layout_loops_ring, serial_ice, serial_ice_c, serial_ice_i,
          serial_ice_b, serial_ice_d, serial_shops, bzr_entry_safe,
          lemuel_zombie_altar_yredelemnul
Lair:1:   layout_misc_corridors, lemuel_fruit_fields, uniq_amaemon, uniq_harold
Lair:2:   layout_gridlike, minmay_shoals_entry_centaurs, dummy_snake_entry,
          chequers_serial_rivers_large_b, gammafunk_lair_bear_cave, uniq_sonja
Lair:3:   layout_regular_city, uniq_fannar
Lair:4:   layout_cave_pods, slime_entry_1, st_stairs_11,
          dreamdust_gnoll_shepherd
Slime:1:  layout_caves
Orc:1:    layout_caves, serial_shops, shop, nicolae_shop_trees, basic_altar,
          bh_open_orc_temple
Orc:2:    st_orc_congregation, layout_diamond_mine, basic_altar
Elf:1:    layout_rooms, portal_desolation_entry_twin_temple,
          hangedman_elf_represent, orc_legates

Skill      XL: |  1  2  3  4  5  6  7  8  9 10 11 12 13 14 |
---------------+-------------------------------------------+-----
Ranged Weapons | 1 2 3 4 5 6 7 8 9 10 11 | 11.2
Armour         | 1 2 3 4 5 6 |  6.3
Dodging        | 3 4 5 6 7 8 |  8.1
Spellcasting   | 1 |  1.0
Maces & Flails | 3 |  3.3
Short Blades   | 1 2 3 5 |  5.3
Invocations    | 1 2 3 4 |  4.4
Fighting       | 4 5 6 7 8 9 |  9.8
Evocations     | 2 3 5 6 8 9 10 | 10.1
Shields        | 1 2 3 5 6 7 |  7.1
Long Blades    | 2 3 4 |  4.5
Stealth        | 2 |  2.7
Staves         | 3 6 8 9 10 | 10.6

Action                   |  1- 3 |  4- 6 |  7- 9 | 10-12 | 13-15 || total
-------------------------+-------+-------+-------+-------+-------++-------
Melee: Mace              |    23 |       |       |       |       ||    23
       Dagger            |       |    51 |       |       |       ||    51
       Punch             |       |     2 |     4 |       |     4 ||    10
       Flail             |       |    28 |       |       |       ||    28
       Short sword       |       |    84 |    84 |       |       ||   168
       Headbutt          |       |    13 |    49 |   100 |    17 ||   179
       Kick              |       |    13 |    67 |   153 |   209 ||   442
       Scimitar          |       |       |   108 |       |       ||   108
       Staff             |       |       |    12 |   437 |   570 ||  1019
       Sling             |       |       |       |       |     1 ||     1
 Fire: Sling             |    71 |    74 |   144 |   185 |   259 ||   733
Invok: Upheaval          |       |     1 |     1 |     1 |     3 ||     6
       Elemental Force   |       |       |       |     1 |       ||     1
Evoke: Wand              |       |     1 |       |     1 |       ||     2
       Phantom mirror    |       |       |       |       |     1 ||     1
  Use: Potion            |     4 |     4 |     2 |     5 |     1 ||    16
       Scroll            |     1 |     5 |    10 |    14 |     3 ||    33
 Stab: Distracted        |       |       |       |     1 |     1 ||     2
Armor: Chain mail        |     8 |       |       |       |       ||     8
       Ring mail         |     6 |    53 |    57 |     7 |       ||   123
       Steam dragon scal |       |       |       |    81 |       ||    81
       Swamp dragon scal |       |       |       |   184 |   296 ||   480
Dodge: Dodged            |    19 |   104 |   141 |   314 |   353 ||   931
       Repelled          |       |       |     1 |     5 |     2 ||     8
Block: Other             |       |    20 |    49 |   190 |   146 ||   405
       Buckler           |       |       |       |       |   200 ||   200
